 Dungeon Crawl Stone Soup version 0.27.0-1-g7a089689b8 (webtiles) character file.

Game seed: 15378011204641438596

1332 sanka the Insei (level 8, -7/58 HPs)
             Began as a Vampire Hunter on Aug 4, 2021.
             Mangled by a manticore (10 damage)
             ... on level 6 of the Dungeon.
             The game lasted 00:14:10 (5735 turns).

sanka the Insei (Vampire Hunter)                    Turns: 5735, Time: 00:14:10

Health: -7/58      AC:  2    Str: 11    XL:     8   Next: 34%
Magic:  9/11       EV: 22    Int: 15    God:
Gold:   300        SH:  0    Dex: 20    Spells: 8/11 levels left

rFire    . . .     SeeInvis +     - Unarmed
rCold    . . .     Faith    .   (shield currently unavailable)
rNeg     . . .     Spirit   .   (armour currently unavailable)
rPois    x         Reflect  .   (helmet currently unavailable)
rElec    .         Harm     .   (cloak currently unavailable)
rCorr    .         Rampage  .   (gloves currently unavailable)
Will     .....                  (boots currently unavailable)
Stlth    ++........             (no amulet)
HPRegen  0.39/turn              (no ring)
MPRegen  0.12/turn              (no ring)

@: spider-form, healing quickly, hasted, very quick
A: venomous fangs, alive, tiny, (fangs 3), see invisible, vampiric 2
a: Exsanguinate, End Transformation


You were on level 6 of the Dungeon.
You were a venomous arachnid creature.
You visited 1 branch of the dungeon, and saw 6 of its levels.

You collected 300 gold pieces.


Innate Abilities, Weirdness & Mutations

You are a venomous arachnid creature.
You have poisonous fangs.
You are tiny and dextrous.
Your spellcasting is less reliable in this form.
Your armour is entirely melded.
You are incapable of wielding weapons or throwing items.
Your natural rate of healing is accelerated.
((You have razor-sharp teeth.))
You have supernaturally acute eyesight. (SInv)
You are afflicted with vampirism and can become a bat while bloodless.


   Skills:
 - Level 3.0 Fighting
 - Level 3.2 Crossbows
 + Level 4.0 Dodging
 - Level 1.5 Stealth
 + Level 6.4 Unarmed Combat
 - Level 2.0 Spellcasting
 - Level 6.0 Transmutations
 - Level 3.0 Poison Magic


You had 8 spell levels left.
You knew the following spells:

 Your Spells              Type           Power      Damage    Failure   Level
z - Spider Form           Tmut/Pois      7%         N/A       26%         3

Your spell library contained the following spells:

 Spells                   Type           Power      Damage    Failure   Level
 Beastly Appendage        Tmut           38%        N/A       8%          1
 Wereblood                Tmut           19%        N/A       10%         2
 Sting                    Tmut/Pois      60%        1d6       12%         1
 Poisonous Vapours        Pois/Air       12%        N/A       38%         2
 Olgreb's Toxic Radiance  Pois           10%        N/A       75%         4

Inventory:

Hand Weapons
 a - a +1 hand crossbow
Missiles
 d - 32 bolts
 q - a throwing net {=f}
Armour
 g - a +0 pair of gloves (melded)
 n - a +2 hat (melded)
 y - a +0 cloak (melded)
 C - a +0 robe (melded)
Wands
 t - a wand of flame (4)
 w - a wand of digging (5)
Scrolls
 f - a scroll of vulnerability {unknown}
 h - a scroll of teleportation {unknown}
 i - 5 scrolls of identify {unknown}
 k - a scroll of acquirement {unknown}
 m - 3 scrolls of immolation {unknown}
 o - 2 scrolls of amnesia {unknown}
 p - 2 scrolls of enchant armour {unknown}
 s - a scroll of blinking {unknown}
Potions
 b - a potion of degeneration {unknown}
 e - a potion of haste {@q3}
 j - a potion of cancellation {unknown}
 l - a potion of attraction {unknown}
 r - 2 potions of lignification {unknown}
 u - a potion of flight {unknown}
 v - a potion of curing {unknown}
 x - a potion of invisibility {unknown}
 z - a potion of mutation {unknown}
 A - a potion of ambrosia {unknown}
 B - a potion of heal wounds {unknown}

Dungeon Overview and Level Annotations

Branches:
Dungeon (6/15)
 Temple: D:4-7

Altars:
Ashenzari
Fedhas
Makhleb
Sif Muna
Vehumet

Shops:
D:6 (

Annotations:
D:3 exclusion: door

▒...............≈
▒^.▒▒▒▒.▒▒▒▒▒.≈.≈
▒..▒....▒ ▒.≈.≈
▒..▒.▒▒▒▒ ▒.≈.≈
▒▒....▒▒ ▒.#..
▒......▒▒ ▒.≈≈≈
▒.▒........ ..#..
▒▒▒....▒.▒▒▒▒
▒.... ▒..s...▒.▒
▒ ▒▒H▒▒▒▒▒ ▒
▒.......▒
▒......▒.
▒▒...▒... .▒.▒ ▒.
..▒▒ H▒ ▒.


You could see a manticore (extremely poisoned).


Message History

You hit the manticore.
The manticore is poisoned.
The manticore is lightly wounded.
The manticore bites you!!
* * * LOW HITPOINT WARNING * * *
The manticore closely misses you. The manticore closely misses you.
You completely miss the manticore.
The manticore is lightly wounded.
You hit the manticore but do no damage.
The manticore looks as sick as possible!
The manticore is lightly wounded.
The manticore barely misses you.
The manticore claws you but does no damage.
The manticore claws you!
* * * LOW HITPOINT WARNING * * *
You bite the manticore!
The manticore is moderately wounded.
The manticore completely misses you. The manticore barely misses you.
The manticore closely misses you.
You hit the manticore.
The manticore is heavily wounded.
You bite the manticore!
The manticore looks as sick as possible!
The manticore is severely wounded.
The manticore bites you!!
* * * LOW HITPOINT WARNING * * *
The manticore claws you!
You die...

Action                   |  1- 3 |  4- 6 |  7- 9 || total
-------------------------+-------+-------+-------++-------
Melee: Unarmed           |    28 |   259 |    60 ||   347
       Bite              |     4 |    20 |       ||    24
       Short sword       |     2 |       |       ||     2
       Punch             |       |     6 |       ||     6
 Fire: Hand crossbow     |    75 |    12 |       ||    87
Throw: Throwing net      |       |     1 |       ||     1
 Cast: Spider Form       |       |     3 |    10 ||    13
 Abil: End Transformatio |       |       |     1 ||     1
  Use: Potion            |       |       |     1 ||     1
 Stab: Distracted        |     1 |       |       ||     1
       Sleeping          |       |     3 |       ||     3
Armor: Leather armour    |    13 |    59 |       ||    72
       Skin              |       |       |     3 ||     3
Dodge: Dodged            |    29 |   117 |    44 ||   190

Levels and vault maps discovered:
D:1:      heliophobic_arrival_henge, layout_loops_ring, serial_forest,
          infiniplex_forest_lined_2, infiniplex_forest_clump_double,
          infiniplex_forest_lined_2, infiniplex_forest_lined_2,
          infiniplex_forest_lined_4_way, infiniplex_forest_clump_cross
D:2:      layout_loops_ring, basic_altar,
          shapermc_ecumenical_altar_mp_ritualfount
D:3:      layout_basic, led_sif_book, nrook_loot_triangle
D:4:      layout_loops_corners, makhleb_altar_promises_db, uniq_robin,
          uniq_edmund, uniq_pikel
D:5:      layout_cave_pools, amcnicky_altar_gilded, evilmike_ruin_ashenzari,
          uniq_crazy_yiuf_cottage
D:6:      layout_basic, mainiacjoe_overflow_concentric_impassable,
          minmay_temple_entry_mist, serial_shops,
          nicolae_shop_temple_entry_statues_fountains, minmay_manual_monstrance

Notes
Turn   | Place    | Note
-------+----------+-------------------------------------------
     0 | D:1      | sanka the Vampire Hunter began the quest for the Orb.
     0 | D:1      | Reached XP level 1. HP: 16/16 MP: 1/1
    83 | D:1      | Reached skill level 1 in Unarmed Combat
   149 | D:1      | Reached XP level 2. HP: 22/22 MP: 2/2
   195 | D:1      | Reached skill level 2 in Unarmed Combat
   432 | D:1      | Reached skill level 3 in Unarmed Combat
   432 | D:1      | Gained mutation: You are afflicted with vampirism and can
                  | become a bat while bloodless. [Vampire growth]
   432 | D:1      | Reached XP level 3. HP: 18/27 MP: 3/3
   986 | D:2      | Found a faded altar of an unknown god.
  1068 | D:2      | Reached skill level 4 in Unarmed Combat
  1283 | D:3      | Reached XP level 4. HP: 33/33 MP: 4/4
  1828 | D:3      | Found a shimmering blue altar of Sif Muna.
  2014 | D:3      | Reached skill level 5 in Unarmed Combat
  2015 | D:3      | Reached XP level 5. HP: 26/38 MP: 5/5
  2288 | D:4      | Learned a level 3 spell: Spider Form
  2324 | D:4      | Noticed a lemure
  2324 | D:4      | Noticed a lemure
  2324 | D:4      | Noticed a lemure
  2324 | D:4      | Noticed Pikel
  2369 | D:4      | Killed a lemure
  2542 | D:4      | Noticed Edmund
  2913 | D:4      | Noticed Robin
  2924 | D:4      | Noticed a lemure
  3062 | D:4      | Killed a lemure
  3170 | D:4      | Noticed a black bear
  3355 | D:4      | Reached skill level 1 in Transmutations
  3582 | D:4      | Reached skill level 1 in Spellcasting
  3582 | D:4      | Reached skill level 1 in Poison Magic
  3837 | D:4      | Found a burning altar of Makhleb.
  3842 | D:4      | Noticed a cacodemon
  3913 | D:4      | Reached XP level 6. HP: 25/44 MP: 6/8
  4179 | D:4      | Killed Edmund
  4180 | D:4      | Reached skill level 2 in Spellcasting
  4180 | D:4      | Reached skill level 2 in Transmutations
  4180 | D:4      | Reached skill level 2 in Poison Magic
  4357 | D:4      | Killed Pikel
  4358 | D:4      | Reached skill level 5 in Transmutations
  4358 | D:4      | Reached skill level 3 in Poison Magic
  4358 | D:4      | Reached XP level 7. HP: 19/49 MP: 7/10
  4460 | D:4      | Killed Robin
  4544 | D:4      | Reached skill level 6 in Transmutations
  4544 | D:4      | Reached skill level 2 in Fighting
  4806 | D:5      | Entered Level 5 of the Dungeon
  4889 | D:5      | Reached skill level 3 in Dodging
  4889 | D:5      | Reached XP level 8. HP: 35/57 MP: 7/11
  4969 | D:5      | Found a blossoming altar of Fedhas.
  5083 | D:5      | Found a runed translucent door.
  5084 | D:5      | Noticed Crazy Yiuf
  5243 | D:5      | Found a broken altar of Ashenzari.
  5475 | D:5      | Killed Crazy Yiuf
  5600 | D:6      | Reached skill level 3 in Fighting
  5600 | D:6      | Reached skill level 6 in Unarmed Combat
  5607 | D:6      | Reached skill level 4 in Dodging
  5659 | D:6      | Found a radiant altar of Vehumet.
  5665 | D:6      | Found Isuepp's Antique Weapon Emporium.
  5720 | D:6      | Noticed a manticore
  5735 | D:6      | HP: 3/58 [manticore (19)]
  5735 | D:6      | Mangled by a manticore

Vanquished Creatures
  Pikel (D:4)
  Edmund (D:4)
  A black bear (D:4)
  2 ogres
  2 lemures (D:4)
  A bullfrog (D:6)
  A bullfrog zombie (D:5)
  2 jellies
  Crazy Yiuf (D:5)
  A hound (D:4)
  3 iguanas
  An orc wizard (D:4)
  Robin (D:4)
  5 gnolls
  3 adders
  An ufetubus (D:5)
  An adder skeleton (D:4)
  A worm (D:3)
  4 dart slugs
  10 orcs
  8 ball pythons
  6 endoplasms
  A giant cockroach (D:4)
  13 goblins
  7 hobgoblins
  7 jackals (D:2)
  6 kobolds
  4 quokkas
  5 bats
  6 frilled lizards
  5 rats
111 creatures vanquished.

Vanquished Creatures (others)
  3 fungi (D:2)
  3 plants (D:2)
6 creatures vanquished.

Grand Total: 117 creatures vanquished
